 Dungeon Crawl Stone Soup version 0.17-a0-1976-g482a304 (webtiles) character file.

739 Ordine the Ruffian (level 7, -1/70 HPs)
             Began as a Troll Monk on Oct 5, 2015.
             Slain by a gnoll
             ... wielding a +0 spear
              (4 damage)
             ... on level 5 of the Dungeon.
             The game lasted 00:11:46 (2964 turns).

Ordine the Ruffian (Troll Monk)                     Turns: 2964, Time: 00:11:46

Health: -1/70      AC:  5    Str: 20    XL:     7   Next: 46%
Magic:  6/6        EV: 12    Int:  6    God:
Gold:   138        SH:  0    Dex: 14    Spells: 0 memorised, 6 levels left

rFire  . . .     SeeInvis .     s - -2 whip (curse)
rCold  . . .     Clarity  .     t - +0 robe (curse)
rNeg   . . .     SustAt   .     (no shield)
rPois  .         Gourm    +     (helmet restricted)
rElec  .         Spirit   .     (no cloak)
rCorr  +         Warding  .     (gloves unavailable)
rMut   .         Stasis   .     (boots unavailable)
MR     +....                    e - amulet of resist corrosion
Stlth  ++........               i - ring of protection from magic
                                (no ring)

@: somewhat resistant to hostile enchantments, unstealthy
A: unfitting armour, claws 3, fast metabolism 3, gourmand, regeneration 2,
shaggy fur 1, tough skin 2
a: no special abilities


You were on level 5 of the Dungeon.
You were full.

You visited 1 branch of the dungeon, and saw 5 of its levels.

You collected 138 gold pieces.

Inventory:

Hand Weapons
 c - a +2 mace of crushing
 s - a cursed -2 whip (weapon)
Armour
 a - a +1 robe
 t - a cursed +0 robe (worn)
Jewellery
 e - an amulet of resist corrosion (around neck)
 i - a ring of protection from magic (right claw)
 l - an uncursed ring of positive energy
 r - an uncursed ring of teleportation
Wands
 p - a wand of frost (20)
 v - a wand of teleportation (3)
Scrolls
 f - a scroll of magic mapping
 m - 2 scrolls of recharging
Potions
 h - a potion of curing
 j - a potion of lignification
 k - a potion of flight
 n - a potion of brilliance
 w - a potion of ambrosia
Books
 u - a Fen Folio

   Spells                             Type                      Level
   a - Corpse Rot                     Necromancy                   2
   b - Stone Arrow                    Conjuration/Earth            3
   c - Leda's Liquefaction            Hexes/Earth                  4
   d - Summon Forest                  Summoning/Translocation      5
   e - Hydra Form                     Transmutation                6
   f - Summon Hydra                   Summoning                    7
 x - a book of Alchemy

   Spells                             Type                      Level
   a - Sublimation of Blood           Necromancy                   2
   b - Ignite Poison                  Fire/Transmutation/Poison    3
   c - Alistair's Intoxication        Transmutation/Poison         4
   d - Condensation Shield            Ice                          4
   e - Petrify                        Transmutation/Earth          4
   f - Irradiate                      Conjuration/Transmutation    5
Comestibles
 b - 4 bread rations
 d - 3 meat rations
 g - 2 beef jerkies
 o - a royal jelly
 q - a slice of pizza


   Skills:
 + Level 4.0 Fighting
 + Level 4.3 Dodging
 - Level 1.1 Stealth
 * Level 7.1 Unarmed Combat


You had 6 spell levels left.
You didn't know any spells.

Dungeon Overview and Level Annotations

Branches:
Dungeon (5/15)
 Temple: D:4-7

Altars:


Innate Abilities, Weirdness & Mutations

You are too large for most types of armour.
You have claws for hands.
Your metabolism is lightning-fast.
You like to eat raw meat.
You heal very quickly.
You are covered in fur (AC +1).
You have very tough skin (AC +2).


Message History

The gnoll closely misses you. The big kobold closely misses you.
You closely miss the big kobold.
The big kobold is lightly wounded.
The gnoll closely misses you.
The big kobold hits you but does no damage.
You hit the big kobold but do no damage.
The big kobold is lightly wounded.
The gnoll hits you from afar with a spear.
* * * LOW HITPOINT WARNING * * *
You hit the big kobold but do no damage.
The big kobold is lightly wounded.
The big kobold closely misses you.
The gnoll hits you from afar with a spear!
* * * LOW HITPOINT WARNING * * *
You hit the big kobold but do no damage.
The big kobold is lightly wounded.
The big kobold hits you with a club.
* * * LOW HITPOINT WARNING * * *
The gnoll hits you from afar with a spear.
You die...

...
#''######################
.....≈≈≈≈≈≈≈≈≈≈≈≈≈≈≈≈≈≈≈≈
....≈≈≈≈≈≈≈≈≈≈≈≈≈≈≈≈≈≈≈≈≈
....≈≈≈≈≈≈≈≈≈≈≈≈≈≈≈≈≈≈≈≈≈
....≈≈≈K≈≈≈≈≈≈.≈.≈≈≈≈≈≈≈.
........@(...............
.......(.................
.#....g#.(....##..#.#####
#.###.#(##..............
# #.#.##.#.###########
#.#.##.#.......#
#+#.##..........#
..###########.# ..#


You could see a big kobold and a gnoll.

Vanquished Creatures
  Sigmund (D:2)
  The ghost of Shredu92 the Charmwright, an amateur HESk (D:3)
  An ogre (D:4)
  A giant frog (D:5)
  An orc priest (D:3)
  A crimson imp (D:5)
  A giant frog skeleton (D:4)
  Jessica (D:3)
  Natasha (thrice) (D:3)
  4 adders
  5 gnolls
  An ooze (D:2)
  4 worms
  An adder zombie (D:5)
  A giant gecko (D:5)
  5 orcs
  4 giant cockroaches
  6 goblins
  6 hobgoblins
  A quokka (D:2)
  A ball python (D:2)
  4 bats
  4 giant newts
  4 jackals (D:2)
  6 kobolds
  5 rats
73 creatures vanquished.

Notes
Turn   | Place    | Note
--------------------------------------------------------------
     0 | D:1      | Ordine the Troll Monk began the quest for the Orb.
     0 | D:1      | Reached XP level 1. HP: 22/22 MP: 0/0
   264 | D:1      | Reached XP level 2. HP: 29/29 MP: 1/1
   612 | D:2      | Reached XP level 3. HP: 36/36 MP: 2/2
  1026 | D:3      | Reached XP level 4. HP: 41/44 MP: 3/3
  1035 | D:3      | Reached skill level 5 in Unarmed Combat
  1154 | D:3      | Noticed Sigmund
  1155 | D:3      | Noticed Shredu92's ghost (amateur HESk)
  1195 | D:2      | Killed Sigmund
  1195 | D:2      | Reached skill level 6 in Unarmed Combat
  1195 | D:2      | Reached XP level 5. HP: 38/53 MP: 4/4
  1242 | D:3      | Killed Shredu92's ghost
  1242 | D:3      | Reached XP level 6. HP: 49/61 MP: 5/5
  1268 | D:3      | Noticed Jessica
  1274 | D:3      | Killed Jessica
  1329 | D:3      | Noticed Natasha
  1341 | D:3      | Killed Natasha
  1443 | D:3      | Noticed Natasha
  1446 | D:3      | Killed Natasha
  1678 | D:3      | Noticed Natasha
  1680 | D:3      | Killed Natasha
  2256 | D:4      | Reached XP level 7. HP: 23/68 MP: 6/6
  2616 | D:5      | Entered Level 5 of the Dungeon
  2869 | D:5      | Reached skill level 7 in Unarmed Combat
  2964 | D:5      | HP: 3/70 [big kobold/club (5)]
  2964 | D:5      | Slain by a gnoll

Vault maps used:
D:1:      dpeg_arrival_arbitrary_b
D:2:      first_bread
D:3:      grunt_ministairs_10, kennysheep_generic_room_11, uniq_jessica,
          uniq_natasha, uniq_sigmund
D:5:      minmay_goblin_kobold_castle, zin_angel, grunt_temple_overflow_open

Action                   |  1- 3 |  4- 6 |  7- 9 || total
-------------------------+-------+-------+-------++-------
Melee: Unarmed           |    97 |    75 |    10 ||   182
       Whip              |       |       |   102 ||   102
  Use: Scroll            |     8 |     7 |     1 ||    16
       Potion            |       |       |     1 ||     1
 Stab: Sleeping          |     2 |       |       ||     2
  Eat: Chunk             |    13 |    12 |     5 ||    30
